 Dungeon Crawl Stone Soup version 0.30-a0-1082-g70414cbcbb (webtiles) character file.

Game seed: 16648337476874266998

65 Adrian566 the Slasher (level 3, 0/28 HPs)
             Began as a Demonspawn Gladiator on Apr 15, 2023.
             Succumbed to an adder's poison
             ... on level 3 of the Dungeon.
             The game lasted 00:02:05 (1440 turns).

Adrian566 the Slasher (Demonspawn Gladiator)        Turns: 1440, Time: 00:02:06

Health: 0/28       AC:  5    Str: 14    XL:     3   Next: 92%
Magic:  3/3        EV: 12    Int:  9    God:
Gold:   73         SH:  0    Dex: 16    Spells: 2/2 levels left

rFire   . . .      SeeInvis .    a - +0 long sword
rCold   . . .      Faith    .    (no shield)
rNeg    . . .      Spirit   .    b - +0 leather armour
rPois   .          Reflect  .    c - +0 helmet
rElec   .          Rampage  .    (no cloak)
rCorr   .                        (no gloves)
Will    .....                    (no boots)
Stlth   +                        (no amulet)
HPRegen 0.24/turn                (no ring)
MPRegen 0.08/turn                (no ring)

@: lethally poisoned (0 -> -7)
A: rugged brown scales 1
a: no special abilities


You were on level 3 of the Dungeon.
You visited 1 branch of the dungeon, and saw 3 of its levels.

You collected 73 gold pieces.

Inventory:

Hand Weapons
 a - a +0 long sword (weapon)
Missiles
 d - 3 throwing nets (quivered)
 e - a javelin
Armour
 b - a +0 leather armour (worn)
 c - a +0 helmet (worn)
Scrolls
 h - 4 scrolls of torment {unknown}
Potions
 k - a potion of attraction {unknown}
 l - a potion of magic {unknown}
 m - a potion of berserk rage {unknown}


   Skills:
 * Level 2.5 Fighting
 + Level 3.6 Long Blades
 + Level 1.7 Throwing
 + Level 1.0 Armour
 + Level 3.0 Dodging
 + Level 0.1 Stealth


You had 2 spell levels left.
You didn't know any spells.
Your spell library contained the following spells:

 Spells                   Type           Power      Damage    Failure   Level
 Static Discharge         Conj/Air       0%         2-2/arc   58%         2
 Airstrike                Air            0%         2d(0-16)  99%         4
 Summon Lightning Spire   Summ/Air       0%         N/A       99%         4


Dungeon Overview and Level Annotations

Branches:
Dungeon (3/15)

Altars:

Shops:
D:1 *


Innate Abilities, Weirdness & Mutations

You are partially covered in rugged brown scales. (AC +1, +3% HP)


Message History

You feel sick.
You feel sick.
You now have 73 gold pieces (gained 10).
Things that are here:
a +0 dagger; 5 poisoned darts Your surroundings suddenly seem different.
A bat comes into view.
Found 3 stones and 29 gold pieces.
You feel sick.
You feel sick. The bat closely misses you.
You miss the bat.
You feel sick.
You are no longer poisoned.
The bat closely misses you.
You hit the bat.
You kill the bat!
Your Armour skill increases to level 1!
Unknown command.
An adder comes into view.
An adder is nearby!
An adder is nearby!
You are too injured to fight recklessly!
You are too injured to fight recklessly!
You are too injured to fight recklessly!
Found a stone staircase leading down.
The adder hisses angrily.
Found a stone staircase leading up.
The adder bites you.
You are poisoned.
The adder poisons you!
You closely miss the adder.
You feel sick. The adder bites you but does no damage. The adder bites you.
* * * LOW HITPOINT WARNING * * *
You miss the adder.
You feel sick. The adder bites you but does no damage.
Unknown command.
Okay, then.
You barely miss the adder.
You feel sick. The adder bites you.
* * * LOW HITPOINT WARNING * * *
You are lethally poisoned!
The adder poisons you! The adder bites you.
* * * LOW HITPOINT WARNING * * *
You barely miss the adder.
You die...

..... ###...# ..
#.....## .#
+...... ># .
##.....###.# <.
#..........##...
#...............
#.....†.........
#.......@S....#
.....(..####$#.##
.......$# # #
........#
........#
........#
........#


You could see an adder.

Vanquished Creatures
  An orc priest (D:3)
  2 worms (D:2)
  A dart slug (D:2)
  3 orcs (D:2)
  2 endoplasms (D:1)
  3 giant cockroaches (D:2)
  2 goblins
  2 hobgoblins
  A quokka (D:2)
  2 bats (D:3)
  2 frilled lizards
  4 kobolds
  A rat (D:2)
26 creatures vanquished.

Notes
Turn   | Place    | Note
-------+----------+-------------------------------------------
     0 | D:1      | Adrian566 the Demonspawn Gladiator began the quest for the
                  | Orb.
     0 | D:1      | Reached XP level 1. HP: 16/16 MP: 1/1
   216 | D:1      | Found Hoeheke's General Store.
   616 | D:2      | Gained mutation: You are partially covered in rugged brown
                  | scales. (AC +1, +3% HP) [demonic ancestry]
   616 | D:2      | Reached XP level 2. HP: 13/22 MP: 2/2
   865 | D:2      | Found a faded altar of an unknown god.
  1324 | D:2      | Reached XP level 3. HP: 15/27 MP: 3/3
  1434 | D:3      | Reached skill level 1 in Armour
  1440 | D:3      | Succumbed to an adder's poison

Illustrated notes

Levels and vault maps discovered:
D:1:      minmay_arrival_wavy_path, layout_basic, serial_shops,
          nicolae_shop_back_alley_shop
D:2:      layout_basic, shapermc_ecumenical_altar_ellora
D:3:      layout_basic

Skill      XL: |  1  2  3 |
---------------+----------+-----
Long Blades    | 3 |  3.6
Dodging        | 3 |  3.0
Armour         | 1 |  1.0
Fighting       | |  2.5
Throwing       | |  1.7
Stealth        | |  0.1

Action                     || total
---------------------------++-------
  Melee: Long sword        ||    91
    Use: Potion            ||     3
         Scroll            ||     1
   Stab: Distracted        ||     1
 Armour: Leather armour    ||    36
  Dodge: Dodged            ||    79

Table legend: (Time is in decaauts)
 A = Elapsed time spent in this place.
 B = Non-inter-level travel time spent in this place.
 C = Inter-level travel time spent in this place.
 D = Time resting spent in this place.
 E = Time spent auto-exploring this place.
 F = Levels seen in this place.
 G = Mean time per level.
                   A        B        C        D        E       F      G
               +--------+--------+--------+--------+--------+-----+--------+
         Total |   1465 |   1454 |     11 |     45 |   1157 |   3 |  488.3 |
       Dungeon |   1465 |   1454 |     11 |     45 |   1157 |   3 |  488.3 |
               +--------+--------+--------+--------+--------+-----+--------+

Top non-repeatable levels by time:
     D:2: 789 daAuts
     D:1: 610 daAuts
     D:3: 66 daAuts
